Map: 2000 атмосфер РВ

Players

Dobro - Winner!

  • Race: Zerg Zerg
  • League: Diamond
  • Spawn Location: 3:00

HonestAMove

  • Race: Zerg Zerg
  • League: Master
  • Spawn Location: 7:00

VOD

Have the link to the VOD?

Description

Time

  • Played on: Nov. 13, 2021, 9:28 a.m.
  • Length: 7:32
Show
View Real Time Build Order
Export as new Build Order

Dobro Zerg - Winner!

Build Orders: Hatch First 

Get SALT Encoding   

  12  0:00  Drone  
  13  0:12  Overlord  
  13  0:17  Drone  
  14  0:30  Drone x2  
  14  0:34  Drone  
  17  0:51  Hatchery  
  17  0:53  Drone  
  17  0:57  Drone  
  18  1:07  Extractor  
  17  1:12  Spawning Pool  
  17  1:14  Drone  
  17  1:18  Drone  
  18  1:34  Drone  
  19  1:44  Drone  
  20  1:58  Overlord  
  20  1:59  Queen  
  22  2:03  Queen  
  22  2:06  Zergling x4  
  26  2:15  Drone x2  
  28  2:24  Drone  
  29  2:32  Drone  
  29  2:33  Drone  
  31  2:39  Queen  
  31  2:43  Overlord  
  31  2:44  Drone  
  34  2:56  Drone x2  
  36  3:00  Evolution Chamber  
  36  3:04  Roach Warren  
  34  3:07  Drone x2  
  35  3:16  Drone x2  
  35  3:17  Drone x2  
  39  3:26  Evolution Chamber  
  38  3:28  Zerg Missile Weapons Level 1, Lair  
  38  3:30  Drone x3  
  40  3:38  Overlord  
  40  3:51  Extractor  
  40  3:53  Extractor, Overlord  
  40  3:55  Overlord  
  38  3:57  Drone x2  
  38  3:58  Drone  
  38  3:59  Drone  
  42  4:03  Drone  
  43  4:11  Drone  
  43  4:14  Drone  
  43  4:15  Extractor  
  44  4:18  Drone x3  
  44  4:22  Drone  
  48  4:28  Roach x3  
  48  4:29  Roach  
  56  4:36  Roach x2  
  57  4:52  Evolution Chamber  
  55  4:53  Overlord x2  
  55  4:58  Overlord  
  55  5:04  Glial Reconstitution  
  55  5:05  Overlord  
  55  5:13  Roach x5  
  65  5:17  Drone  
  65  5:38  Roach x6  
  77  5:44  Roach  
  77  5:45  Roach x2, Overlord  
  83  5:54  Overlord  
  83  6:03  Queen, Overlord  
  85  6:04  Roach x3  
  83  6:19  Roach x5  
  91  6:30  Roach x2  
  95  6:33  Ravager  
  95  6:34  Ravager  
  95  6:35  Ravager  
  95  6:36  Ravager  
  95  6:37  Ravager  
  95  6:38  Overlord  
  95  6:39  Hatchery, Roach x4  
  107  6:51  Overlord  
  107  6:55  Overlord  
  107  6:56  Roach  
  107  6:58  Roach x2  
  107  6:59  Roach  
  115  7:02  Overlord  
  115  7:09  Ravager  
  115  7:11  Roach x3  
  114  7:27  Ravager  
Show
View Real Time Build Order
Export as new Build Order

HonestAMove Zerg 

Build Orders: Hatch First, Zergling Baneling 

Get SALT Encoding   

  12  0:00  Drone  
  13  0:13  Overlord  
  13  0:17  Drone  
  14  0:33  Drone x2  
  14  0:35  Drone  
  17  0:54  Hatchery  
  17  0:55  Drone  
  17  0:58  Drone  
  18  1:10  Extractor  
  17  1:13  Spawning Pool  
  17  1:17  Drone  
  17  1:19  Drone  
  18  1:28  Drone  
  19  1:39  Overlord  
  19  1:59  Queen  
  19  2:00  Zergling x2  
  22  2:02  Drone  
  22  2:07  Drone, Queen  
  26  2:10  Metabolic Boost  
  26  2:12  Drone  
  27  2:18  Drone  
  28  2:31  Hatchery  
  28  2:35  Zergling x2  
  28  2:39  Baneling Nest  
  27  2:46  Overlord  
  27  2:48  Drone  
  28  2:52  Drone  
  28  2:53  Drone  
  28  2:55  Drone  
  31  2:59  Drone  
  32  3:11  Overlord  
  31  3:13  Zergling x2  
  31  3:15  Overlord  
  32  3:24  Zergling x4  
  32  3:25  Zergling x6  
  37  3:31  Zergling x2  
  37  3:32  Zergling x2  
  39  3:36  Lair  
  39  3:43  Queen  
  39  3:46  Drone x2  
  43  3:54  Drone  
  43  3:55  Drone x3  
  47  3:58  Drone  
  47  4:00  Drone  
  49  4:04  Baneling x4  
  49  4:07  Baneling x2  
  49  4:10  Drone x2  
  49  4:14  Overlord  
  51  4:19  Drone  
  51  4:21  Extractor  
  51  4:23  Extractor  
  50  4:25  Zergling x2  
  50  4:26  Zergling x4  
  50  4:37  Drone  
  51  4:43  Baneling x2  
  51  4:44  Zergling x10  
  51  4:55  Roach Warren  
  51  4:57  Drone  
  51  4:58  Drone x3  
  51  4:59  Drone  
  55  5:00  Drone  
  55  5:05  Overlord  
  55  5:06  Drone  
  56  5:07  Queen  
  56  5:13  Overlord  
  58  5:14  Overlord  
  58  5:16  Drone  
  56  5:35  Overlord  
  56  5:41  Roach  
  56  5:43  Roach  
  56  5:44  Roach x9  
  56  5:46  Glial Reconstitution  
  78  5:50  Roach  
  78  5:52  Roach  
  78  5:54  Roach  
  78  5:56  Roach  
  82  6:03  Roach x3  
  85  6:23  Overlord x2  
  81  6:42  Ravager, Evolution Chamber  
  81  6:43  Ravager  
  81  6:44  Overlord  
  81  6:45  Roach  
  81  6:46  Roach x9  
  102  6:48  Extractor  
  101  6:59  Roach x2  
  101  7:00  Overlord  
  105  7:02  Evolution Chamber  
  105  7:05  Extractor  
  105  7:06  Roach  
  105  7:07  Roach  
  101  7:08  Roach  
  101  7:09  Roach x2  
Tags
 
Add a new tag
Caveats
  • Supply blocks, unpowered buildings, or Contaminate may cause inaccurate times.
  • Supply counts are checked every 10 seconds.